 Dungeon Crawl Stone Soup version 0.31-a0-1620-gcbf77bbcfc (webtiles) character file.

Game seed: 2139916437319040108

550 Laraso the Ruffian (level 7, 52/52 HPs)
             Began as a White Draconian Shapeshifter on Jan 11, 2024.
             Was an Initiate of Makhleb.
             Quit the game on level 6 of the Dungeon.
             The game lasted 00:03:49 (4390 turns).

Laraso the Ruffian (White Draconian Shapeshifter)   Turns: 4390, Time: 00:03:49

Health: 52/52      AC:  6    Str: 16    XL:     7   Next: 7%
Magic:  7/7        EV: 12    Int: 11    God:    Makhleb [......]
Gold:   254        SH:  0    Dex: 18    Spells: 6/6 levels left

rFire   . .          .
                       - Unarmed
rCold   + . .        d - orb {light}
rNeg    . . .        (body armour unavailable)
rPois   +            (helmet currently unavailable)
rElec   .            l - melded +2 cloak
rCorr   .            (gloves currently unavailable)
SInv    .            (boots currently unavailable)
Will    .....        (no amulet)
Stlth   +            n - +6 ring of dexterity
HPRegen 0.28/turn    s - ring of poison resistance
MPRegen 0.10/turn

%: no passive effects
@: beast-form, glowing
A: beast (slay +2), breathe frost, AC +6, unfitting armour, cold resistance 1,
cold-blooded
a: Breathe Frost, Begin Untransformation, Renounce Religion


You were on level 6 of the Dungeon.
You worshipped Makhleb.
Makhleb was noncommittal.
You were a hulking beast.
You visited 2 branches of the dungeon, and saw 7 of its levels.

You collected 254 gold pieces.

Inventory:

Armour
 d - an orb of light (worn)
 l - a +2 cloak (melded)
Jewellery
 n - a +6 ring of dexterity (left hand)
 s - a ring of poison resistance (right hand)
Talismans
 b - a beast talisman (active)
 c - a flux talisman
 r - a serpent talisman
Wands
 w - a wand of flame (12)
Scrolls
 e - a scroll of fog
 f - 3 scrolls of teleportation
 o - 3 scrolls of immolation {unknown}
 p - a scroll of poison {unknown}
 t - a scroll of enchant weapon {unknown}
 u - a scroll of revelation {unknown}
Potions
 a - 2 potions of lignification
 g - a potion of curing {unknown}
 h - 2 potions of heal wounds {unknown}
 i - 3 potions of degeneration {unknown}
 j - a potion of cancellation {unknown}
 k - 3 potions of enlightenment
 m - a potion of resistance {unknown}
 q - 2 potions of brilliance {unknown}
 v - a potion of attraction {unknown}


   Skills:
 - Level 1.1 Fighting
 - Level 1.7 Dodging
 * Level 6.8 Unarmed Combat
 + Level 4.9 Shapeshifting


You had 6 spell levels left.
You didn't know any spells.
Your spell library contained the following spells:

 Spells                   Type           Power      Damage    Failure   Level
 Sandblast                Erth           0%         2d4       34%         1
 Cigotuvi's Dreadful Rot  Necr/Alch/Air  0%         N/A       47%         2
 Gell's Gravitas          Tloc           0%         N/A       71%         3
 Passwall                 Erth           0%         N/A       71%         3
 Stone Arrow              Conj/Erth      0%         3d7       71%         3
 Teleport Other           Tloc           0%         N/A       71%         3
 Brom's Barrelling Bould  Conj/Erth      0%         2d3       98%         4
 Ignite Poison            Fire/Alch      0%         N/A       98%         4
 Freezing Cloud           Conj/Ice/Air   0%         6-21      100%        5
 Dispersal                Tloc           0%         N/A       100%        6


Dungeon Overview and Level Annotations

Branches:
Dungeon (6/15)             Temple (1/1) D:4

Altars:
Ashenzari
Cheibriados
Elyvilon
Gozag
Kikubaaqudgha
Makhleb
Qazlal
Ru
Sif Muna
Trog
Uskayaw
Xom
Yredelemnul
The Shining One


Innate Abilities, Weirdness & Mutations

You are a hulking beast.
Your limbs bulge with bestial killing power. (Slay +2)
You can breathe waves of freezing cold which knock back foes.
Your icy white scales are hard. (AC +6)
You cannot fit into any form of body armour.
Your flesh is cold resistant. (rC+)
You are cold-blooded and may be slowed by cold attacks.


Message History

Duvessa closely misses you.
You hit Duvessa.
You kill Duvessa!
Makhleb accepts your kill.
Dowan screams, "No!
No!"
Dowan seems to find hidden reserves of power!
You barely miss Dowan. Dowan barely misses you.
Dowan hits you with a +0 dagger.
You punch Dowan! You tail-slap Dowan, but do no damage.
Dowan is heavily wounded.
Dowan barely misses you.
You closely miss Dowan.
Dowan is heavily wounded.
Dowan hits you with a +0 dagger.
You closely miss Dowan.
Dowan is heavily wounded.
Dowan closely misses you.
You closely miss Dowan.
Dowan is heavily wounded.
Dowan barely misses you.
You closely miss Dowan.
Dowan is heavily wounded.
Dowan hits you but does no damage. Dowan barely misses you.
You punch Dowan!
Dowan is severely wounded.
Dowan closely misses you.
You hit Dowan.
Dowan is almost dead.
Dowan gestures wildly while chanting.
You hit Dowan.
You kill Dowan!
Makhleb accepts your kill.
You have reached level 7!
Your scales start taking on an icy white colour.
You learn Fire Magic much slower.
You learn Ice Magic much quicker.
You can breathe waves of freezing cold which knock back foes.
You feel resistant to cold.
You start resting.
HP restored.
Are you sure you want to abandon this character and quit the game? (Confirm with "yes".)

###
#..
#.#
#)#
#h#
###


There were no monsters in sight!

Vanquished Creatures
  Duvessa (D:6)
  Dowan (D:6)
  A bombardier beetle (D:4)
  2 hounds (D:6)
  2 orc priests
  2 orc wizards
  An iguana (D:4)
  A gnoll (D:1)
  5 adders
  A dart slug (D:2)
  2 ribbon worms
  11 orcs
  9 endoplasms
  4 giant cockroaches
  8 goblins
  4 hobgoblins
  12 jackals
  5 quokkas
  9 ball pythons
  6 bats
  A frilled lizard (D:2)
  7 kobolds
  3 rats
98 creatures vanquished.

Notes
Turn   | Place    | Note
-------+----------+-------------------------------------------
     0 | D:1      | Laraso the Draconian Shapeshifter began the quest for the
                  | Orb.
     0 | D:1      | Reached XP level 1. HP: 16/16 MP: 1/1
   194 | D:1      | Reached XP level 2. HP: 23/23 MP: 2/2
   400 | D:1      | Found a faded altar of an unknown god.
   607 | D:1      | Reached XP level 3. HP: 25/28 MP: 3/3
   860 | D:2      | Found an ancient bone altar of Kikubaaqudgha.
   908 | D:2      | Reached skill level 4 in Unarmed Combat
  1748 | D:3      | Reached XP level 4. HP: 18/35 MP: 4/4
  2265 | D:3      | Reached skill level 5 in Unarmed Combat
  2265 | D:3      | Reached XP level 5. HP: 10/40 MP: 5/5
  2496 | D:3      | Found a shimmering blue altar of Sif Muna.
  2540 | D:3      | Found a faded altar of an unknown god.
  2540 | D:3      | Found an opulent altar of Gozag.
  2549 | D:3      | Found a basalt altar of Yredelemnul.
  2551 | D:3      | Found a faded altar of an unknown god.
  2553 | D:3      | Found a broken altar of Ashenzari.
  3205 | D:4      | Found a staircase to the Ecumenical Temple.
  3227 | Temple   | Entered the Ecumenical Temple
  3237 | Temple   | Became a worshipper of Makhleb the Destroyer
  3605 | D:4      | Reached XP level 6. HP: 36/47 MP: 6/6
  3926 | D:4      | Reached skill level 6 in Unarmed Combat
  4135 | D:5      | Entered Level 5 of the Dungeon
  4180 | D:5      | Noticed Duvessa
  4180 | D:5      | Noticed Dowan
  4338 | D:6      | Killed Duvessa
  4347 | D:6      | Killed Dowan
  4348 | D:6      | Your scales start taking on an icy white colour.
  4348 | D:6      | Reached XP level 7. HP: 40/52 MP: 7/7
  4348 | D:6      | Gained mutation: Your flesh is cold resistant. (rC+) [White
                  | Draconian growth]
  4390 | D:6      | Quit the game

Illustrated notes

Levels and vault maps discovered:
D:1:      dpeg_arrival_stone_temple_mockup, layout_loops_ring,
          shapermc_ecumenical_altar_acropolis
D:2:      layout_basic, basic_altar
D:3:      layout_loops_ring, marbit_many_paths,
          chequers_temple_overflow_minitemple
D:4:      layout_layer_cave, minmay_temple_entry_arrows
D:5:      layout_basic, lemuel_tele_altar, pdpol_wu_jian_five_deadly_venoms,
          serial_curves, eino_curves_02, eino_curves_01, uniq_duvessa,
          uniq_crazy_yiuf_cottage, uniq_sigmund
D:6:      layout_basic, uniq_eustachio, uniq_jeremiah, uniq_blork_the_orc,
          uniq_pikel, uniq_edmund
Temple:   eino_wide_crystal_templ

Skill      XL: |  1  2  3  4  5  6 |
---------------+-------------------+-----
Unarmed Combat | 4 5 6 |  6.8
Shapeshifting  | 4 |  4.9
Fighting       | |  1.1
Dodging        | |  1.7

Action                     |  1- 3 |  4- 6 |  7- 9 || total
---------------------------+-------+-------+-------++-------
  Melee: Unarmed           |    83 |   164 |       ||   247
         Tailslap          |    10 |    20 |       ||    30
Ability: Begin Untransform |     1 |       |       ||     1
    Use: Potion            |     1 |       |       ||     1
         Scroll            |       |     3 |       ||     3
 Armour: Skin              |    35 |    94 |       ||   129
  Dodge: Dodged            |    50 |    92 |       ||   142
   Form: Beast             |     1 |       |       ||     1

Table legend: (Time is in decaauts)
 A = Elapsed time spent in this place.
 B = Non-inter-level travel time spent in this place.
 C = Inter-level travel time spent in this place.
 D = Time resting spent in this place.
 E = Time spent auto-exploring this place.
 F = Levels seen in this place.
 G = Mean time per level.
                   A        B        C        D        E       F      G
               +--------+--------+--------+--------+--------+-----+--------+
         Total |   4371 |   4208 |    163 |    457 |   3141 |   7 |  624.4 |
       Dungeon |   4350 |   4197 |    153 |    457 |   3141 |   6 |  725.0 |
        Temple |     20 |     11 |      9 |      0 |      0 |   1 |   20.0 |
               +--------+--------+--------+--------+--------+-----+--------+

Top non-repeatable levels by time:
     D:4: 1254 daAuts
     D:3: 1162 daAuts
     D:2: 870 daAuts
     D:1: 809 daAuts
     D:6: 194 daAuts
     D:5: 60 daAuts
  Temple: 20 daAuts
